 Dungeon Crawl Stone Soup version 0.31-a0-765-g67fe2935dc (webtiles) character file.

Game seed: 1368467313933843279

80 randomguy2701 the Conjurer (level 4, -3/24 HPs)
             Began as a Deep Elf Conjurer on Sept 15, 2023.
             Killed by divine providence
             ... invoked by an orc priest
              (11 damage)
             ... on level 3 of the Dungeon.
             The game lasted 00:02:18 (1613 turns).

randomguy2701 the Conjurer (Deep Elf Conjurer)      Turns: 1613, Time: 00:02:19

Health: -3/24      AC:  2    Str:  4    XL:     4   Next: 18%
Magic:  5/11       EV: 12    Int: 23    God:
Gold:   88         SH:  0    Dex: 15    Spells: 7/10 levels left

rFire   . . .        (no weapon)
rCold   . . .        (no shield)
rNeg    . . .        a - +0 robe
rPois   .            (no helmet)
rElec   .            (no cloak)
rCorr   .            (no gloves)
SInv    .            (no boots)
Will    .....        (no amulet)
Stlth   +            (no ring)
HPRegen 0.24/turn    (no ring)
MPRegen 0.12/turn

%: no passive effects
@: confused
A: no striking features
a: no special abilities


You were on level 3 of the Dungeon.
You visited 1 branch of the dungeon, and saw 3 of its levels.

You collected 88 gold pieces.

Inventory:

Armour
 a - a +0 robe (worn)
Scrolls
 c - 2 scrolls of enchant armour {unknown}
 d - a scroll of immolation {unknown}
 f - 2 scrolls of fog {unknown}
 g - a scroll of poison {unknown}
 h - a scroll of noise {unknown}
Potions
 b - a potion of magic
 e - a potion of curing {unknown}
 i - a potion of mutation {unknown}


   Skills:
 + Level 2.6 Dodging
 + Level 2.7 Stealth
 + Level 3.5 Spellcasting
 + Level 5.9 Conjurations


You had 7 spell levels left.
You knew the following spells:

 Your Spells              Type           Power      Damage    Failure   Level
a - Magic Dart            Conj           100%       1d8       1%          1
b - Searing Ray           Conj           62%        2d6       1%          2

Your spell library contained the following spells:

 Spells                   Type           Power      Damage    Failure   Level
 Shock                    Conj/Air       68%        1d7       3%          1
 Dazzling Flash           Conj/Hex       34%        N/A       10%         3
 Mephitic Cloud           Conj/Pois/Air  13%        N/A       14%         3
 Call Imp                 Summ           8%         N/A       17%         2
 Ensorcelled Hibernation  Hex/Ice        8%         N/A       17%         2
 Passwall                 Tmut/Erth      3%         N/A       17%         2
 Swiftness                Air            4%         N/A       32%         3
 Fulminant Prism          Conj/Hex       8%         3d7       32%         4
 Iskenderun's Mystic Bla  Conj/Tloc      17%        2d5       32%         4
 Airstrike                Air            2%         2d(1-17)  73%         4


Dungeon Overview and Level Annotations

Branches:
Dungeon (3/15)

Altars:


Message History

Press: ? - help, Shift-Dir - straight line
Okay, then.
Casting: Magic Dart (safe; 1% risk of failure)
Confirm with . or Enter, or press ? or * to list all spells.
Aiming: Searing Ray (safe; 1% risk of failure)
Press: ? - help, Shift-Dir - straight line The searing ray hits the orc.
The orc is moderately wounded. (Press . to maintain the ray.)
The searing ray misses the orc.
The searing ray hits something.
The searing ray hits the orc priest!
The orc priest is heavily wounded.
The orc closely misses you.
The searing ray hits the orc priest.
The orc priest is severely wounded.
The searing ray hits the orc but does no damage.
You finish channelling your searing ray.
The orc closely misses you. The orc hits you with a +0 dagger.
Something hits you but does no damage.
Unknown command.
The orc hits you with a +0 dagger.
You hear some strange, mumbled words.
You are confused.
The orc priest invokes the aid of Beogh against you.
The orc sings a few bars from the Orcish anthem.
Unknown command.
The orc closely misses you.
You hear some strange, mumbled words.
Something tries to affect you, but you resist.
You're too confused to aim your attacks!
The orc closely misses you. Something completely misses you.
The orc hits you with a +0 dagger. Something hits you.
The orc wizard mumbles some strange words.
The orc wizard flickers and vanishes!
The orc hits you with a +0 dagger. Something hits you but does no damage.
The orc priest miscasts a cantrip.
The orc barely misses you. Something hits you.
The orc priest mumbles some strange prayers to Beogh against you.
Beogh smites you!
You die...

..#......#
###+#..#
..#.#..#
#.#.#.w#
#.#.##o#
#.#.##{#
#.#.##o#
#.#.##{#
#....o@#
#.#.####
#.#.#
###.# #<#
#.# #.#
###


You could see a worm, an orc priest and 2 orcs.

Vanquished Creatures
  2 adders (D:2)
  A gnoll (D:1)
  A river rat (D:3)
  2 dart slugs (D:2)
  6 bats
  4 endoplasms
  A giant cockroach (D:2)
  2 goblins
  2 hobgoblins (D:1)
  A quokka (D:1)
  3 ball pythons
  6 frilled lizards
  6 kobolds
  4 rats (D:2)
41 creatures vanquished.

Notes
Turn   | Place    | Note
-------+----------+-------------------------------------------
     0 | D:1      | randomguy2701 the Deep Elf Conjurer began the quest for the
                  | Orb.
     0 | D:1      | Reached XP level 1. HP: 10/10 MP: 6/6
   174 | D:1      | Reached XP level 2. HP: 15/15 MP: 5/8
   204 | D:1      | Reached skill level 5 in Conjurations
   595 | D:1      | You fall into a shaft and drop 1 floor!
   646 | D:2      | Reached XP level 3. HP: 19/19 MP: 7/9
  1310 | D:2      | Reached XP level 4. HP: 24/24 MP: 6/11
  1597 | D:3      | Learned a level 2 spell: Searing Ray
  1613 | D:3      | Killed from afar by an orc priest

Illustrated notes

Levels and vault maps discovered:
D:1:      dpeg_arrival_connections, layout_basic
D:2:      layout_loops_cross, minmay_misc_feat_five
D:3:      layout_basic, lemuel_round_altar, xom_teletrap_fun,
          nicolae_overflow_crystal_walls, lemuel_doored_altar,
          lightli_sewer_entry_pipes,
          dreamdust_ecumenical_altar_angels_and_demons,
          ebering_ghost_reflecting_pool, uniq_ijyb

Skill      XL: |  1  2 |
---------------+-------+-----
Conjurations   | 5 |  5.9
Dodging        | |  2.6
Stealth        | |  2.7
Spellcasting   | |  3.5

Action                     |  1- 3 |  4- 6 || total
---------------------------+-------+-------++-------
   Cast: Magic Dart        |    68 |    10 ||    78
         Searing Ray       |       |     1 ||     1
 Armour: Robe              |     2 |     9 ||    11
  Dodge: Dodged            |     6 |     6 ||    12

Table legend: (Time is in decaauts)
 A = Elapsed time spent in this place.
 B = Non-inter-level travel time spent in this place.
 C = Inter-level travel time spent in this place.
 D = Time resting spent in this place.
 E = Time spent auto-exploring this place.
 F = Levels seen in this place.
 G = Mean time per level.
                   A        B        C        D        E       F      G
               +--------+--------+--------+--------+--------+-----+--------+
         Total |   1612 |   1591 |     21 |      0 |   1400 |   3 |  537.3 |
       Dungeon |   1612 |   1591 |     21 |      0 |   1400 |   3 |  537.3 |
               +--------+--------+--------+--------+--------+-----+--------+

Top non-repeatable levels by time:
     D:2: 921 daAuts
     D:1: 595 daAuts
     D:3: 95 daAuts
